 Dungeon Crawl Stone Soup version 0.29.1-13-g9f3cf754e1 (webtiles) character file.

Game seed: 9640569222789456122

114429 Oxelix the Slayer (level 16, -1/169 HPs)
             Began as a Minotaur Berserker on Feb 7, 2023.
             Was the Champion of Trog.
             Killed from afar by a will-o-the-wisp (5 damage)
             ... with a foxfire
             ... on level 1 of the Swamp on Feb 10, 2023.
             The game lasted 01:00:40 (28097 turns).

Oxelix the Slayer (Minotaur Berserker)             Turns: 28097, Time: 01:00:41

Health: -1/169     AC: 16    Str: 35    XL:     16   Next: 16%
Magic:  0/15       EV: 14    Int:  4    God:    Trog [******]
Gold:   908        SH: 17    Dex: 18    Spells: 15/15 levels left

rFire   + . .      SeeInvis +   Y - +7 broad axe (vorpal)
rCold   + . .      Faith    .   f - +3 kite shield "Reodoacw" {rElec rF+ Str+2 Stlth+}
rNeg    . . .      Spirit   +   G - +1 chain mail {rC+}
rPois   +          Reflect  .   (helmet restricted)
rElec   +          Harm     .   A - +0 cloak "Veinumab" {Dex+3}
rCorr   .          Rampage  .   H - +2 pair of gloves {Str+3}
Will    +++..                   e - +0 pair of boots
Stlth   ..........              R - amulet of guardian spirit
HPRegen 1.38/turn               P - ring of poison resistance
MPRegen 0.14/turn               a - ring of the Fiend {Dex+5 Slay+4 SInv Stlth-}

@: marked, strong-willed, corroded, regenerating, slowed, studying Evocations,
very slow
A: horns 2, retaliatory headbutt
a: Renounce Religion, Berserk, Trog's Hand, Brothers in Arms


You were on level 1 of the Swamp.
You worshipped Trog.
Trog was exalted by your worship.
You visited 6 branches of the dungeon, and saw 25 of its levels.

You collected 2564 gold pieces.
You spent 1656 gold pieces at shops.

Inventory:

Hand Weapons
 v - a +4 vampiric broad axe
 x - a +1 war axe of flaming
 N - the +7 halberd "Gonnal" {freeze, rN+ Dex+2}
   (You found it on level 5 of the Lair of Beasts)

   It freezes those it strikes, dealing additional cold damage.
   It can also slow down cold-blooded creatures.
   Dex:       It affects your dexterity (+2).
   rN:        It protects you from negative energy.
 Y - a +7 vorpal broad axe (weapon)
Missiles
 l - 10 javelins
 Q - 19 boomerangs (quivered)
 S - 2 throwing nets
Armour
 e - a +0 pair of boots (worn)
 f - the +3 kite shield "Reodoacw" (worn) {rElec rF+ Str+2 Stlth+}
   (You bought it in a shop on level 2 of the Orcish Mines)

   Str:       It affects your strength (+2).
   rF:        It protects you from fire.
   rElec:     It insulates you from electricity.
   Stlth:     It makes you more stealthy.
 q - a +3 chain mail of fire resistance
 A - the +0 cloak "Veinumab" (worn) {Dex+3}
   (You acquired it on level 9 of the Dungeon)

   Dex:       It affects your dexterity (+3).
 G - a +1 chain mail of cold resistance (worn)
 H - a +2 pair of gloves of strength (worn)
 K - the +7 chain mail of Catatonia {rElec Int+4}
   (You found it on level 7 of the Dungeon)

   Int:       It affects your intelligence (+4).
   rElec:     It insulates you from electricity.
Jewellery
 a - the ring of the Fiend (right hand) {Dex+5 Slay+4 SInv Stlth-}
   (You acquired it on level 9 of the Dungeon)

   [ring of slaying]

   Dex:       It affects your dexterity (+5).
   Slay:      It affects your accuracy & damage with ranged weapons and melee
   (+4).
   SInv:      It lets you see invisible.
   Stlth:     It makes you less stealthy.
 k - a ring of resist corrosion
 P - a ring of poison resistance (left hand)
 R - an amulet of guardian spirit (around neck)
Wands
 g - a wand of charming (16)
 w - a wand of quicksilver (7)
 C - a wand of flame (61)
 F - a wand of polymorph (13)
 X - a wand of roots (2)
Scrolls
 c - 2 scrolls of fear
 i - 6 scrolls of blinking
 m - 8 scrolls of fog
 u - 12 scrolls of teleportation
 y - 4 scrolls of magic mapping
 z - a scroll of silence
 D - a scroll of identify
 L - 4 scrolls of poison
 M - 2 scrolls of immolation
 T - a scroll of enchant armour
Potions
 b - 2 potions of magic
 d - 3 potions of haste
 h - 2 potions of lignification
 n - 4 potions of curing
 o - 5 potions of ambrosia
 p - 3 potions of cancellation
 r - 2 potions of invisibility
 s - 2 potions of resistance
 t - a potion of heal wounds
 B - 4 potions of flight
 E - 5 potions of attraction
 Z - 2 potions of might
Miscellaneous
 j - a tin of tremorstones (2/2)
 O - a condenser vane
 U - a phial of floods
 V - a phantom mirror


   Skills:
 * Level 22.0 Fighting
 - Level 16.0 Axes
 + Level 8.3 Throwing
 + Level 13.4 Armour
 - Level 10.0 Dodging
 - Level 14.0 Shields
 - Level 10.0 Evocations


You had 15 spell levels left.
You didn't know any spells.
Your spell library was empty.

Dungeon Overview and Level Annotations

Branches:
Dungeon (15/15)            Temple (1/1) D:5            Lair (5/5) D:9
  Swamp (1/4) Lair:2       Spider (0/4) Lair:2        Slime (0/5) Lair:4
    Orc (2/2) D:10            Elf (0/3) Orc:2        Vaults (0/5) D:13
 Depths (1/4) D:15

Altars:
Ashenzari
Cheibriados
Dithmenos
Elyvilon
Fedhas
Gozag
Hepliaklqana
Kikubaaqudgha
Makhleb
Nemelex Xobeh
Okawaru
Qazlal
Ru
Sif Muna
Trog
Uskayaw
Vehumet
Wu Jian
Xom
Yredelemnul
Zin
The Shining One
Jiyva

Shops:
D:7 ((   D:9 *   D:13 ?   Orc:2 [*?(

Portals:
Trove: D:12 (give +2 gold dragon scales)

Annotations:
Lair:3 1 runed translucent door, MacCMillion's ghost, journeyman NaVM
Swamp:1 Nikola


Innate Abilities, Weirdness & Mutations

You have a pair of horns on your head.
You reflexively headbutt those who attack you in melee.


Message History

The hornet is engulfed in blazing flames.
You kill the hornet!
Trog accepts your kill.
The alligator is engulfed in blazing flames.
Unknown command.
The tyrant leech attacks as you move away!
You block the tyrant leech's attack.
The foxfire dissipates!
The foxfire hits you. You resist.
* * * LOW HITPOINT WARNING * * *
The bunyip is engulfed in blazing flames.
Flame seeps out of the bunyip.
The will-o-the-wisp gestures.
The will-o-the-wisp conjures some foxfire!
The alligator is engulfed in blazing flames. x2
You block the bunyip's attack.
The bunyip claws you but does no damage.
The bunyip claws you!!
* * * LOW HITPOINT WARNING * * *
The tyrant leech is engulfed in blazing flames. x2
Trog accepts your kill.
The tyrant leech explodes!
The fiery explosion engulfs the alligator!!
The alligator is severely wounded.
The fiery explosion engulfs the bunyip!!!
Trog accepts your kill.
The bunyip explodes!
The fiery explosion engulfs the alligator!!!
You kill the alligator!
Trog accepts your kill. The fiery explosion engulfs you! You resist.
* * * LOW HITPOINT WARNING * * *
The mangrove smoulders and burns.
The tyrant leech is engulfed in blazing flames.
Your Fighting skill increases to level 22! 2 foxfires come into view.
You feel better.
You are engulfed in blazing flames.
You resist.
* * * LOW HITPOINT WARNING * * *
The foxfire hits you. You resist.
You die...

♣.♣ ~~ ♣†♣ ~~♣♣
♣~♣♣ ~~~.♣ ♣~.♣
.♣...♣♣ ♣♣.♣
..>~.°☼♣♣ ♣.♣
§~~§v§§w♣♣♣.♣♣♣♣♣♣
§§.~§○§§v§♣......♣
♣..§§☼☼v@..♣♣♣♣♣♣
♣♣♣.~§☼§§.♣♣
♣♣♣§§§§.♣ ♣°§°§.♣
♣♣♣.~~~♣ ♣.~~♣.~
♣.♣~~.~. ~:~~~.§♣


You could see a tyrant leech and a will-o-the-wisp.

Vanquished Creatures
  Rupert (D:13)
  The ghost of Mule Tukh the Alchemist, a journeyman DrTm of Wu Jian (D:15)
  A very ugly thing (D:15)
  Nessos (D:13)
  2 bunyips (Swamp:1)
  Snorg (D:14)
  A fire dragon (D:15)
  Harold (Lair:1)
  3 hydras
  2 ogre magi
  An ice dragon (D:15)
  2 catoblepae
  3 centaur warriors
  A death knight (D:14)
  6 boulder beetles
  3 two-headed ogres
  2 alligators (Swamp:1)
  2 tengu warriors (D:14)
  5 death yaks
  4 orc high priests (Orc:2)
  Nergalle (Orc:1)
  Urug (D:13)
  5 spriggans (Swamp:1)
  A goliath frog (shapeshifter) (D:15)
  9 skeletal warriors
  2 goliath frogs (Swamp:1)
  2 deep trolls (D:15)
  A spriggan druid (Swamp:1)
  3 lindwurms (Lair:2)
  2 wizards (D:15)
  A necromancer (D:15)
  2 bog bodies (Swamp:1)
  A deep elf zephyrmancer (D:15)
  An oklob plant (Lair:3)
  Pikel (D:7)
  6 ugly things (D:14)
  An orc sorcerer (Orc:2)
  3 manticores
  A cyclops (shapeshifter) (D:13)
  4 cyclopes
  18 elephants
  An ice statue (Lair:4)
  A gargoyle (D:12)
  6 black mambas
  2 torpor snails
  17 cane toads
  An unseen horror (D:5)
  2 rime drakes
  4 komodo dragons
  A yaktaur (D:15)
  4 freezing wraiths
  3 ice devils (D:15)
  A tengu conjurer (D:14)
  A queen bee (D:12)
  2 trolls
  6 meliai
  3 tyrant leeches
  A bloated husk (Swamp:1)
  6 polar bears
  2 wolf spider simulacra (D:15)
  4 hornets (Swamp:1)
  20 slime creatures
  27 blink frogs
  Grinder (D:3)
  5 dream sheep
  3 centaur simulacra (D:15)
  2 wraiths
  Sigmund (D:2)
  A shadow (D:11)
  2 vampires
  8 wyverns
  44 yaks
  2 hogs (D:7)
  7 basilisks
  11 humans (D:13)
  20 vampire mosquitoes
  A steam dragon (D:8)
  A redback simulacrum (D:15)
  2 redbacks (Lair:2)
  Menkaure (D:5)
  3 wargs (D:9)
  2 swamp worms (Swamp:1)
  15 water moccasins
  4 acid dragons
  24 orc warriors
  A meliai simulacrum (D:15)
  7 black bears
  5 ice beasts
  2 wolves (Lair:4)
  4 boggarts (D:14)
  7 ogres
  12 centaurs
  A phantom (D:6)
  4 lemures (D:7)
  2 kobold brigands
  A necrophage (D:6)
  17 bullfrogs
  2 gnoll sergeants
  A scorpion (D:5)
  A cane toad simulacrum (Lair:4)
  3 wights (D:6)
  A hornet simulacrum (D:15)
  36 killer bees
  4 electric eels
  2 howler monkeys
  3 jellies
  A hound (D:4)
  Crazy Yiuf (D:5)
  42 orc priests
  Terence (D:2)
  Ijyb (D:5)
  4 iguanas
  35 orc wizards
  A polar bear simulacrum (Lair:4)
  A troll simulacrum (Lair:4)
  A spriggan simulacrum (Lair:4)
  A boggart simulacrum (D:15)
  10 gnolls
  7 adders
  A white imp (Lair:4)
  An ufetubus (D:4)
  4 worms
  3 dart slugs
  84 orcs
  7 endoplasms
  2 giant cockroaches
  8 goblins
  5 hobgoblins
  3 jackals
  6 ball pythons
  7 bats
  6 frilled lizards
  14 kobolds
  7 rats
  A bush (Lair:1)
765 creatures vanquished.

Vanquished Creatures (collateral kills)
  A boulder beetle (D:15)
  A slime creature (D:15)
  3 ugly things (D:15)
  A manticore (D:7)
  A rime drake (Lair:4)
  A freezing wraith (Lair:4)
  A polar bear (D:7)
  A culicivora (shapeshifter) (D:15)
  A yak (D:7)
  5 humans (D:13)
  A wyvern (D:7)
  A black bear (D:7)
  2 ogres (Orc:2)
  A wolf (D:7)
  2 orc priests (Orc:2)
  An orc (Orc:2)
24 creatures vanquished.

Vanquished Creatures (others)
  A spriggan druid (Swamp:1)
  A spriggan (Swamp:1)
  A vampire mosquito (D:13)
  A human (D:3)
  4 foxfires (Swamp:1)
  34 fungi
  88 plants
130 creatures vanquished.

Grand Total: 919 creatures vanquished

Notes
Turn   | Place    | Note
-------+----------+-------------------------------------------
     0 | D:1      | Oxelix the Minotaur Berserker began the quest for the Orb.
     0 | D:1      | Reached XP level 1. HP: 19/19 MP: 0/0
   555 | D:1      | Reached XP level 2. HP: 27/27 MP: 1/1
   794 | D:1      | Reached skill level 4 in Fighting
  1122 | D:2      | Reached XP level 3. HP: 33/33 MP: 2/2
  1288 | D:2      | Reached ** piety under Trog
  1332 | D:2      | Noticed Sigmund
  1349 | D:2      | Killed Sigmund
  1350 | D:2      | Reached skill level 5 in Fighting
  1350 | D:2      | Reached XP level 4. HP: 42/42 MP: 3/3
  1350 | D:2      | Reached XP level 5. HP: 48/48 MP: 4/4
  1558 | D:2      | Noticed Terence
  1566 | D:2      | Killed Terence
  1984 | D:3      | Noticed Grinder
  1996 | D:3      | Killed Grinder
  1997 | D:3      | Reached skill level 6 in Fighting
  1997 | D:3      | Reached XP level 6. HP: 22/57 MP: 5/5
  2494 | D:3      | Found an iron altar of Okawaru.
  2495 | D:3      | Found a stormy altar of Qazlal.
  2645 | D:3      | Found an ancient bone altar of Kikubaaqudgha.
  2646 | D:3      | Noticed a human
  2648 | D:3      | Killed a human
  2954 | D:4      | Reached XP level 7. HP: 28/64 MP: 6/6
  3169 | D:4      | Reached *** piety under Trog
  3305 | D:4      | Identified the +8 whip "Sola" {vorpal, rElec rC++ Str-2
                  | Stlth+}
  3619 | D:5      | Entered Level 5 of the Dungeon
  3708 | D:5      | Reached skill level 7 in Fighting
  3963 | D:5      | Found a staircase to the Ecumenical Temple.
  3985 | Temple   | Entered the Ecumenical Temple
  4164 | D:5      | Noticed Menkaure
  4174 | D:5      | Killed Menkaure
  4175 | D:5      | Reached skill level 10 in Axes
  4175 | D:5      | Reached XP level 8. HP: 28/73 MP: 7/7
  4612 | D:5      | Noticed Ijyb
  4622 | D:5      | Killed Ijyb
  4712 | D:5      | Killed an unseen horror
  4713 | D:5      | Reached skill level 8 in Fighting
  5022 | D:5      | Found a glowing silver altar of Zin.
  5638 | D:5      | Found a runed translucent door.
  5639 | D:5      | Noticed Crazy Yiuf
  5644 | D:5      | Killed Crazy Yiuf
  5901 | D:6      | Reached skill level 9 in Fighting
  5901 | D:6      | Reached XP level 9. HP: 72/83 MP: 8/8
  6114 | D:6      | Identified the +10 dagger of Understanding {flame, rN+
                  | Will+}
  6136 | D:6      | Reached **** piety under Trog
  6698 | D:7      | Found Olaisch's Antique Weapon Shop.
  6707 | D:7      | Bought a shimmering spear for 184 gold pieces
  6707 | D:7      | Identified the +9 spear of Ucaisee {drain, *Corrode Int+9}
                  | (You bought it in a shop on level 7 of the Dungeon)
  6777 | D:7      | Found Dyhakk's Weapon Shoppe.
  6853 | D:7      | Noticed Pikel
  6864 | D:7      | Killed Pikel
  6865 | D:7      | Reached skill level 10 in Fighting
  7035 | D:7      | Identified the +7 chain mail of Catatonia {rElec Int+4}
  7056 | D:7      | Found a snail-covered altar of Cheibriados.
  7138 | D:7      | Found a huge runed translucent gate.
  7138 | D:7      | Found a huge runed translucent gate.
  7138 | D:7      | Found a huge runed translucent gate.
  7138 | D:7      | Found a huge runed translucent gate.
  7138 | D:7      | Noticed a polar bear
  7139 | D:7      | Noticed a polar bear
  7139 | D:7      | Noticed a manticore
  7139 | D:7      | Noticed a manticore
  7360 | D:7      | Reached skill level 1 in Shields
  7361 | D:7      | Killed a polar bear
  7362 | D:7      | Reached XP level 10. HP: 93/93 MP: 9/9
  7366 | D:7      | Reached skill level 5 in Armour
  7371 | D:7      | Killed a manticore
  7372 | D:7      | Reached skill level 5 in Shields
  7374 | D:7      | Killed a manticore
  8411 | D:9      | Found Qunue's General Store.
  8417 | D:9      | Bought a scroll of identify for 30 gold pieces
  8417 | D:9      | Bought a scroll of identify for 30 gold pieces
  8417 | D:9      | Identified 3 scrolls of acquirement
  8417 | D:9      | Acquired a manual of Evocations
  8419 | D:9      | Acquired a manual of Fighting
  8421 | D:9      | Acquired the ring of the Fiend {Dex+5 Slay+4 SInv Stlth-}
  8454 | D:9      | Found a staircase to the Lair.
  8478 | D:9      | Reached XP level 11. HP: 74/101 MP: 10/10
  8640 | D:9      | Found a hazy altar of Hepliaklqana.
  8897 | D:9      | Reached skill level 11 in Fighting
  9138 | D:9      | Found a shimmering blue altar of Sif Muna.
  9892 | D:10     | Entered Level 10 of the Dungeon
 10110 | D:10     | Noticed a two-headed ogre
 10116 | D:10     | Killed a two-headed ogre
 10477 | D:10     | Reached ***** piety under Trog
 10490 | D:10     | Found a staircase to the Orcish Mines.
 10592 | Lair:1   | Entered Level 1 of the Lair of Beasts
 10607 | Lair:1   | Noticed Harold
 10622 | Lair:1   | Killed Harold
 10623 | Lair:1   | Reached skill level 12 in Fighting
 10654 | Lair:1   | Reached skill level 10 in Armour
 10669 | Lair:1   | Reached skill level 13 in Fighting
 10795 | Lair:1   | Reached skill level 10 in Shields
 10884 | Lair:1   | Noticed an eight-headed hydra
 10892 | Lair:1   | Killed a three-headed hydra
 10945 | Lair:1   | Reached skill level 14 in Fighting
 10945 | Lair:1   | Reached XP level 12. HP: 98/117 MP: 9/11
 11938 | Lair:2   | Found a staircase to the Swamp.
 12107 | Lair:2   | Reached skill level 15 in Fighting
 12403 | Lair:2   | Found a hole to the Spider Nest.
 13229 | Lair:2   | Reached skill level 16 in Fighting
 13712 | Lair:3   | Received a gift from Trog
 13816 | Lair:3   | Noticed a boulder beetle
 13830 | Lair:3   | Killed a boulder beetle
 13915 | Lair:3   | Found a runed translucent door.
 13918 | Lair:3   | Noticed MacCMillion's ghost (journeyman NaVM)
 13919 | Lair:3   | Identified the +6 spear of Responsibility {speed, Str-2
                  | Dex+5}
 14096 | Lair:3   | You fall into a shaft and drop 1 floor!
 14208 | Lair:3   | Reached skill level 17 in Fighting
 14209 | Lair:3   | Reached XP level 13. HP: 131/132 MP: 10/12
 15301 | Lair:4   | Found a staircase to the Slime Pits.
 15305 | Lair:4   | Reached skill level 15 in Axes
 15305 | Lair:4   | Found a viscous altar of Jiyva.
 16106 | Lair:4   | Reached skill level 1 in Throwing
 16112 | Lair:4   | Reached skill level 1 in Evocations
 16926 | Lair:5   | Entered Level 5 of the Lair of Beasts
 17030 | Lair:5   | Reached skill level 5 in Evocations
 17203 | Lair:5   | Received a gift from Trog
 17352 | Lair:5   | Identified the +7 halberd "Gonnal" {freeze, rN+ Dex+2}
 17463 | Lair:5   | Reached XP level 14. HP: 113/140 MP: 10/13
 17573 | Lair:5   | Reached skill level 5 in Throwing
 17647 | Lair:5   | Identified the +2 barding of Hadjma {Harm rPois Dex-4}
 18311 | D:9      | Bought a scroll of acquirement for 780 gold pieces
 18311 | D:9      | Bought a scroll of noise for 15 gold pieces
 18318 | D:9      | Acquired the +0 cloak "Veinumab" {Dex+3}
 19066 | Orc:1    | Entered Level 1 of the Orcish Mines
 19066 | Orc:1    | Noticed Nergalle
 19070 | Orc:1    | Killed Nergalle
 19433 | Orc:2    | Entered Level 2 of the Orcish Mines
 19449 | Orc:2    | Received a gift from Trog
 19663 | Orc:2    | Found a staircase to the Elven Halls.
 19784 | Orc:2    | HP: 4/140 [orc warrior/bolt (18)]
 19792 | Orc:2    | Reached skill level 5 in Dodging
 20163 | Orc:2    | Found Faecuvea's Antique Armour Boutique.
 20163 | Orc:2    | Found Kesedghu's General Store.
 20164 | Orc:2    | Found Pidiyliy's Weapon Shop.
 20168 | Orc:2    | Found Voxaig's Magic Scroll Shop.
 20174 | Orc:2    | Bought a scroll of identify for 32 gold pieces
 20174 | Orc:2    | Bought a scroll of fear for 64 gold pieces
 20180 | Orc:2    | Bought a faintly glowing kite shield for 313 gold pieces
 20180 | Orc:2    | Identified the +3 kite shield "Reodoacw" {rElec rF+ Str+2
                  | Stlth+} (You bought it in a shop on level 2 of the Orcish
                  | Mines)
 20273 | Orc:2    | Received a gift from Trog
 21448 | D:11     | You fall into a shaft and drop 3 floors!
 21533 | D:12     | Found a portal to a secret trove of treasure.
 21561 | D:12     | Identified the +3 lajatang of Lurac {flame, *Slow rN+ Int+5
                  | Dex+4}
 22006 | D:11     | Found a radiant altar of Vehumet.
 23026 | D:13     | Noticed Rupert
 23026 | D:13     | Noticed Nessos
 23026 | D:13     | Noticed Urug
 23026 | D:13     | Found a gate to the Vaults.
 23034 | D:13     | Reached skill level 10 in Evocations
 23035 | D:13     | Killed Urug
 23037 | D:13     | Killed Rupert
 23059 | D:13     | HP: 5/141 [Nessos/arrow (3)]
 23441 | D:13     | Found Leguek's Magic Scroll Emporium.
 23444 | D:13     | Killed Nessos
 23445 | D:13     | Reached skill level 18 in Fighting
 23559 | D:13     | Bought a scroll of brand weapon for 104 gold pieces
 23559 | D:13     | Bought a scroll of identify for 22 gold pieces
 23559 | D:13     | Bought a scroll of magic mapping for 82 gold pieces
 23602 | D:13     | Reached XP level 15. HP: 150/150 MP: 14/14
 23821 | D:13     | Found a bloodstained altar of Trog.
 24108 | D:13     | Reached skill level 19 in Fighting
 24300 | D:14     | Received a gift from Trog
 24337 | D:14     | Found an ornate altar of the Wu Jian Council.
 25001 | D:14     | Reached ****** piety under Trog
 25856 | D:14     | Noticed Snorg
 25862 | D:14     | Killed Snorg
 25863 | D:14     | Reached skill level 20 in Fighting
 25910 | D:15     | Entered Level 15 of the Dungeon
 26296 | D:15     | Noticed Mule Tukh's ghost (journeyman DrTm)
 26353 | D:15     | Reached skill level 10 in Dodging
 26837 | D:15     | Reached skill level 21 in Fighting
 26877 | D:15     | Found a staircase to the Depths.
 26996 | D:15     | Found a runed translucent gate.
 26996 | D:15     | Found a runed translucent gate.
 26996 | D:15     | Found a runed translucent gate.
 27053 | D:15     | Paralysed by an ogre mage for 3 turns
 27333 | D:15     | Received a gift from Trog
 27679 | D:15     | Killed Mule Tukh's ghost
 27834 | Depths:1 | Entered Level 1 of the Depths
 28050 | Swamp:1  | Entered Level 1 of the Swamp
 28084 | Swamp:1  | Reached XP level 16. HP: 168/168 MP: 15/15
 28089 | Swamp:1  | Noticed Nikola
 28096 | Swamp:1  | HP: 6/168 [spore (7)]
 28097 | Swamp:1  | Reached skill level 22 in Fighting
 28097 | Swamp:1  | HP: 2/169 [cloud of flame (9)]
 28097 | Swamp:1  | Killed from afar by a will-o-the-wisp

Illustrated notes

Levels and vault maps discovered:
D:1:      reono_arrival_mine, layout_loops_corners, minmay_tripent
D:2:      layout_loops_ring, minmay_misc_feat_chi, kennysheep_generic_room_9,
          uniq_terence, uniq_sigmund
D:3:      layout_basic, tgw_kikubaaqudgha, mainiacjoe_overflow_divided_tiny,
          portal_sewer_entry_e, uniq_grinder
D:4:      layout_cave_pools, hangedman_abyss_or_decor_passed
D:5:      minmay_chambers_of_fours, layout_loops_corners, zin_treasury,
          minmay_temple_entry_trees, uniq_crazy_yiuf_cottage, uniq_ijyb,
          uniq_menkaure
D:6:      layout_gridville, hangedman_decor_slide_cut
D:7:      lemuel_bear_cage, layout_rooms, cheibriados_altar_1, serial_shops,
          nicolae_shop_bloodbath_and_beyond, nicolae_shop_advertising_works
          [nicolae_subvault_shop_adworks], uniq_pikel
D:8:      layout_basic
D:9:      minmay_goldmine, layout_loops_corners, mainiacjoe_overflow_boulevard,
          led_sif_pool, erik_lair_orcish_takeover, serial_shops,
          nicolae_square_shop
D:10:     layout_rooms, hiddenorc1_lemuel
D:11:     layout_grid_maze, nicolae_vehumet_radiance
D:12:     layout_basic, enter_trove_0, special_room [special_room_bee]
D:13:     layout_irregular_city, david_vaults_3, serial_shops,
          nicolae_shop_stone, tgw_trog
D:14:     kennysheep_bubbly, layout_layer_cave, nzn_wu_jian_contemplation,
          uniq_rupert, uniq_snorg
D:15:     hangedman_depths_entry_civil_slaughter, layout_basic,
          amcnicky_mini_pool_small, gammafunk_ghost_icy, minmay_pinched_square
Temple:   regret_index_temple_waves
Lair:1:   layout_loops_ring, minmay_hedge_maze, infiniplex_staircase_pool,
          grunt_megastairs_5, uniq_harold
Lair:2:   layout_layer_cave, swamp_mist, spider_nest_entry_webs,
          nicolae_lair_lindhole, serial_bayou_shore_b,
          infiniplex_staircase_pool_2
Lair:3:   layout_cave_pods, ebering_ghost_funeral_grove
Lair:4:   dreamdust_isle_of_ice, layout_loops_ring, minmay_slime_entry_pillars,
          beast_lair_carwin_2, lemuel_fruit_tree
Lair:5:   minmay_lair_end_frog_pond, layout_concentric_octagons,
          serial_bayou_shore_a
Swamp:1:  layout_falls_marsh, hangedman_swamp_pad, swamp_pool1,
          lightli_tree_ring, uniq_nikola
Orc:1:    layout_caves, uniq_nergalle
Orc:2:    st_orc_mages, layout_caves
Depths:1: layout_honeycomb, hellmouth_2, rand_demon_pan_entry_8,
          lightli_giant_bouncers, grunt_megastairs_2

Skill      XL: |  1  2  3  4  5  6  7  8  9 10 11 12 13 14 15 16 |
---------------+-------------------------------------------------+-----
Axes           | 4 6 7 8 10 12 13 14 16 | 16.0
Fighting       | 4 5 6 7 9 10 14 17 18 21 22 | 22.0
Armour         | 4 8 11 12 13 | 13.4
Dodging        | 3 7 10 | 10.0
Shields        | 2 7 10 12 14 | 14.0
Throwing       | 4 8 |  8.3
Evocations     | 7 10 | 10.0

Action                   |  1- 3 |  4- 6 |  7- 9 | 10-12 | 13-15 | 16-18 || total
-------------------------+-------+-------+-------+-------+-------+-------++-------
Melee: Hand axe          |    63 |    70 |   237 |   394 |       |       ||   764
       Headbutt          |    14 |    14 |    40 |   124 |   205 |     1 ||   398
       Punch             |     2 |     1 |     1 |       |       |       ||     4
       War axe           |       |       |       |    58 |   201 |       ||   259
       Broad axe         |       |       |       |       |   594 |     4 ||   598
Throw: Boomerang         |       |       |       |     3 |    35 |     4 ||    42
       Throwing net      |       |       |       |       |     2 |       ||     2
Invok: Berserk           |     1 |     1 |     3 |     3 |     3 |       ||    11
       Brothers in Arms  |       |       |     1 |       |     5 |       ||     6
       Trog's Hand       |       |       |       |     1 |     3 |     1 ||     5
Evoke: Wand              |       |       |       |       |     2 |       ||     2
  Use: Scroll            |       |       |     4 |     9 |    14 |     1 ||    28
       Potion            |       |       |       |     2 |     9 |     1 ||    12
 Stab: Distracted        |       |       |       |       |     1 |       ||     1
Armor: Plate armour      |    49 |    12 |       |       |       |       ||    61
       Scale mail        |     3 |       |       |       |       |       ||     3
       Chain mail        |       |    50 |   145 |   215 |   439 |     9 ||   858
Dodge: Dodged            |    17 |    39 |    81 |   120 |   296 |     7 ||   560
Block: Kite shield       |       |       |     7 |   220 |   622 |    18 ||   867
